[Event "FIDE World Cup O10-A 2024"]
[Site "Batumi"]
[Date "2024.06.26"]
[Round "4.1"]
[White "Vyom Malhotra"]
[Black "Bolashakov, Nurali"]
[Result "1-0"]
[ECO "B23"]
[WhiteElo "1803"]
[BlackElo "1843"]
[Annotator "NA RC"]
[PlyCount "93"]
[EventDate "2024.06.23"]
[EventType "swiss"]
[EventCountry "GEO"]
[SourceTitle "playchess.com"]
[Source "ChessBase"]
[SourceQuality "1"]
[TimeControl "5400+30"]

1. e4 c5 2. Nc3 Nc6 3. f4 g6 4. Nf3 Bg7 5. a3 e6 6. b4 d5 7. e5 f6 8. Bb5 (8. bxc5 $14 Nh6 9. d4) 8... Bd7 9. Bxc6 Bxc6 10. d4 cxd4 11. Qxd4 (11. Ne2 $15) 11... Nh6 12. Ne2 O-O 13. Ng3 Bb5 14. a4 Bc4 $19 15. Bb2 Rf7 16. Qd2 Ng4 17. h3 Nh6 18. Kf2 Qc7 19. Rhe1 Raf8 20. Kg1 fxe5 21. Bxe5 Bxe5 22. fxe5 Nf5 23. Nxf5 Rxf5 24. Qe3 Qe7 25. c3 b6 26. a5 bxa5 27. Rxa5 a6 28. Nd4 Rf4 29. Qg3 Qf7 30. Nf3 Bb5 31. Kh2 Qd7 32. Nd4 R8f7 33. Rea1 Qe7 34. Rxa6 Bxa6 35. Rxa6 Qb7 36. Rxe6 Qc8 37. Rc6 Qe8 38. e6 R7f6 39. b5 h5 40. Rc7 Qb8 41. b6 h4 42. Qg5 Qxb6 43. e7 Re4 44. Qxd5+ Kg7 45. e8=N+ Kf8 46. Qxe4 Rd6 47. Qe7+ 1-0

[Event "FIDE World Cup O10-A 2024"]
[Site "Batumi"]
[Date "2024.06.26"]
[Round "4.2"]
[White "Shangin, Lev"]
[Black "Chakrabarty, Reyaansh"]
[Result "1/2-1/2"]
[ECO "D37"]
[WhiteElo "2031"]
[BlackElo "2185"]
[Annotator "RC"]
[PlyCount "105"]
[EventDate "2024.06.23"]
[EventType "swiss"]
[EventCountry "GEO"]
[SourceTitle "playchess.com"]
[Source "ChessBase"]
[SourceQuality "1"]
[TimeControl "5400+30"]

1. d4 d5 2. c4 e6 3. Nf3 Nf6 4. Nc3 h6 5. Bf4 Bd6 6. Bxd6 Qxd6 7. e3 O-O 8. Rc1 b6 9. cxd5 Nxd5 10. Nxd5 exd5 11. Qc2 c6 12. Bd3 Be6 13. O-O Rc8 14. h3 Nd7 15. Qe2 c5 16. dxc5 bxc5 17. Rfd1 Ne5 18. Bb1 Nxf3+ 19. Qxf3 Qe5 20. Rd2 Rab8 21. Qe2 Qf6 22. Rdc2 Bf5 23. Rd2 Be6 24. Rdc2 a5 25. e4 dxe4 26. Rxc5 Rxc5 27. Rxc5 Qxb2 28. Qxb2 Rxb2 29. Bxe4 Rxa2 30. Bd5 Bxd5 31. Rxd5 Ra1+ 32. Kh2 Kh7 33. g4 g5 34. Kg2 a4 35. Ra5 Ra3 36. Ra6 Kg7 37. Ra7 Kf6 38. Ra6+ Kg7 39. Ra7 Kg6 40. Ra6+ f6 41. Ra7 h5 42. Ra6 hxg4 43. hxg4 Kf7 44. Kh2 Ra2 45. Kg2 Ke7 46. Kg3 a3 47. Kg2 Ra1 48. Kf3 a2 49. Kg2 Kd7 50. Ra8 Kc6 51. Kh2 Kb5 52. Kg2 Kc4 53. Ra7 1/2-1/2

[Event "FIDE World Cup O10-A 2024"]
[Site "Batumi"]
[Date "2024.06.26"]
[Round "4.3"]
[White "Ashwath Kaushik"]
[Black "Safin Safarullakhan"]
[Result "0-1"]
[ECO "B76"]
[WhiteElo "2029"]
[BlackElo "1879"]
[Annotator "NA RC"]
[PlyCount "130"]
[EventDate "2024.06.23"]
[EventType "swiss"]
[EventCountry "GEO"]
[SourceTitle "playchess.com"]
[Source "ChessBase"]
[SourceQuality "1"]
[TimeControl "5400+30"]

1. e4 c5 2. Nf3 d6 3. d4 cxd4 4. Nxd4 Nf6 5. Nc3 g6 6. Be3 Bg7 7. f3 O-O 8. Qd2 Nc6 9. O-O-O d5 10. exd5 Nxd5 11. Nxc6 bxc6 12. Bd4 e5 13. Bc5 Re8 14. Ne4 {[%emt 0:03:26] B76: Sicilian Dragon: Yugoslav Attack, 9 g4 and 9 0-0-0.} Qc7 {[%emt 0:00:59] The main line 14...Qc7 scores better than 14...Be6.} 15. g4 Be6 16. Bc4 Nf4 {[%emt 0:02:28] [#]} 17. Bxe6 $1 Nxe6 {[%emt 0:01:13] [#]} 18. Ba3 ({Better is} 18. Bd6 $1 $16 Qb6 19. Kb1) 18... Rad8 $146 ({Predecessor:} 18... Red8 19. Qf2 Qb6 20. h4 Rd5 21. c3 Nf4 22. Qxb6 axb6 23. Kc2 Ng2 24. Rd3 Rad8 25. Rxd5 cxd5 {½-½ Valko,K (2241)-Torma,R (2222) HUN-chT 0405 2004 (11)}) 19. Qf2 Rd5 20. h4 Red8 21. Rde1 Nd4 (21... f5 $1 $15 {stays ahead.} 22. gxf5 gxf5) 22. h5 Ra5 23. hxg6 $16 fxg6 24. Qh4 Rxa3 25. bxa3 Qa5 26. Qe7 c5 27. Re3 Rf8 28. Ng5 Qa4 29. Qxc5 h6 30. Ne4 Qa6 31. Nd6 Kh7 32. c3 Ne6 33. Qb4 Nf4 34. Rd1 Rd8 35. c4 Ne6 36. Ne4 Nd4 37. Red3 Bf8 38. c5 Ne2+ 39. Kc2 Nd4+ 40. Kb1 Rd7 41. Qc3 Bg7 42. Nd6 e4 43. Rxd4 Bxd4 44. Rxd4 Qf1+ 45. Kb2 exf3 46. Qd3 Qg2+ 47. Qc2 f2 48. Rd2 Rb7+ 49. Kc3 Qf3+ 50. Qd3 f1=Q 51. Nxb7 Q1xd3+ 52. Rxd3 Qxb7 53. Rd6 Qc7 54. Kd4 h5 55. gxh5 gxh5 56. Kd5 h4 57. c6 Qa5+ 58. Ke6 h3 59. Rd7+ Kg6 60. c7 Qc5 61. Re7 h2 62. Kd7 h1=Q 63. Re6+ Kf7 64. c8=Q Qhd5+ 65. Rd6 Qdxd6# 0-1

[Event "FIDE World Cup O10-A 2024"]
[Site "Batumi"]
[Date "2024.06.26"]
[Round "4.4"]
[White "Mrozowski, Nikodem"]
[Black "Jakhaia, Andria"]
[Result "1-0"]
[ECO "B92"]
[WhiteElo "1776"]
[BlackElo "1652"]
[Annotator "NA RC"]
[PlyCount "70"]
[EventDate "2024.06.23"]
[EventType "swiss"]
[EventCountry "GEO"]
[SourceTitle "playchess.com"]
[Source "ChessBase"]
[SourceQuality "1"]
[TimeControl "5400+30"]

1. e4 c5 2. Nf3 d6 3. d4 cxd4 4. Nxd4 Nf6 5. Nc3 a6 6. Be2 e5 7. Nb3 Be6 8. O-O Be7 9. Kh1 Nbd7 10. f4 exf4 11. Bxf4 Ne5 12. Qe1 O-O 13. Rd1 Qc7 14. Qg3 Rfd8 15. Nd4 Ng6 16. Bg5 Rd7 17. h4 Qd8 18. h5 Nxh5 19. Bxh5 Bxg5 20. Bxg6 hxg6 21. Nxe6 fxe6 22. e5 d5 23. Ne2 Rf7 24. Rxf7 Kxf7 25. Rf1+ Kg8 26. Nd4 Qe7 27. Qg4 Re8 28. Rf3 Kh7 29. Rg3 Bh6 30. Qxg6+ Kh8 31. Kg1 Qd7 32. Rh3 Qe7 33. g4 Qd7 34. g5 Qe7 35. gxh6 Kg8 1-0

[Event "FIDE World Cup O10-A 2024"]
[Site "Batumi"]
[Date "2024.06.26"]
[Round "4.5"]
[White "Ismailov, Omarbek"]
[Black "Ramesan, Raunak Amit"]
[Result "0-1"]
[ECO "D00"]
[WhiteElo "1716"]
[BlackElo "1772"]
[Annotator "NA RC"]
[PlyCount "114"]
[EventDate "2024.06.23"]
[EventType "swiss"]
[EventCountry "GEO"]
[SourceTitle "playchess.com"]
[Source "ChessBase"]
[SourceQuality "1"]
[TimeControl "5400+30"]

1. d4 d5 2. Bf4 Nf6 3. e3 e6 4. c3 c5 5. Nd2 Bd6 6. Bg5 Nbd7 7. Ngf3 Qc7 8. Bd3 b6 9. O-O Bb7 10. Re1 Ne4 11. Bh4 O-O 12. Qc2 f5 13. c4 Nxd2 14. Qxd2 cxd4 15. Bf1 dxc4 16. Nxd4 Bxh2+ 17. Kh1 Bd5 18. f4 g5 19. Bxg5 Bg3 20. Red1 Nc5 21. Nb5 Qf7 22. Qe2 h6 23. Nd6 Qg6 24. Be7 Nd3 25. Bxf8 Nf2+ 26. Kg1 Ng4 27. Nxf5 exf5 28. Rxd5 Qh5 29. Qxg4+ Qxg4 30. Bb4 Rc8 31. Rad1 Qh4 32. Bxc4 Qh2+ 33. Kf1 Qh1+ 34. Ke2 Qxg2+ 35. Kd3 Qe4+ 36. Ke2 Qxc4+ 37. Kf3 Qxb4 38. Kxg3 Qe4 39. Re5 Qc2 40. Rg1 Rc7 41. Re8+ Kh7 42. Kh3 Rg7 43. Rxg7+ Kxg7 44. Re7+ Kf6 45. Rxa7 Qxb2 46. Ra6 Ke6 47. a4 Kd5 48. a5 bxa5 49. Rxa5+ Ke4 50. Kg3 Kxe3 51. Re5+ Kd4 52. Rxf5 Qb3+ 53. Kh4 Qe6 54. Re5 Qg6 55. Re1 h5 56. Kh3 Qg4+ 57. Kh2 Qh4+ 0-1

[Event "FIDE World Cup O10-A 2024"]
[Site "Batumi"]
[Date "2024.06.26"]
[Round "4.6"]
[White "Aryan Mehta"]
[Black "Guntaka, Aayansh"]
[Result "1/2-1/2"]
[ECO "D31"]
[WhiteElo "1863"]
[BlackElo "1872"]
[Annotator "NA RC"]
[PlyCount "82"]
[EventDate "2024.06.23"]
[EventType "swiss"]
[EventCountry "GEO"]
[SourceTitle "playchess.com"]
[Source "ChessBase"]
[SourceQuality "1"]
[TimeControl "5400+30"]

1. d4 d5 2. c4 e6 3. Nc3 c6 4. cxd5 exd5 5. Nf3 Bd6 6. Bg5 Ne7 7. e3 Bf5 8. Bd3 {[%emt 0:00:00] D31: Queen's Gambit Declined: Semi-Slav without ...Nf6 (+ Marshall Gambit and Noteboom) and Exchange Variation lines without ...Nf6.} Bxd3 9. Qxd3 O-O 10. O-O f6 11. Bh4 Na6 12. a3 Ng6 13. Bg3 Nc7 14. b4 Bxg3 15. hxg3 a6 16. Na4 Qd6 17. Nc5 Rab8 18. Rac1 Ne6 19. Nd2 Nxc5 20. bxc5 Qc7 21. Rb1 Ne7 22. Rb2 b5 23. cxb6 Rxb6 24. Rxb6 Qxb6 25. Rb1 $16 Qa5 26. Rb7 Nc8 27. Qc2 Nd6 28. Rd7 Nb5 29. Nf3 Nc3 30. Qb2 Nb5 31. Qc2 Nc3 32. Qf5 Qxa3 33. Qg4 Rf7 34. Rd8+ Rf8 35. Qe6+ Kh8 36. Rxf8+ Qxf8 37. Qxc6 Ne4 38. Qxa6 h6 39. Qe6 Qa8 40. Ne1 Qa1 41. Kf1 Qd1 1/2-1/2

[Event "FIDE World Cup O10-A 2024"]
[Site "Batumi"]
[Date "2024.06.26"]
[Round "4.7"]
[White "Obado, Sean Adrich"]
[Black "Hummatov, Safa"]
[Result "0-1"]
[ECO "B22"]
[WhiteElo "1631"]
[BlackElo "1693"]
[Annotator "NA RC"]
[PlyCount "144"]
[EventDate "2024.06.23"]
[EventType "swiss"]
[EventCountry "GEO"]
[SourceTitle "playchess.com"]
[Source "ChessBase"]
[SourceQuality "1"]
[TimeControl "5400+30"]

1. e4 c5 2. c3 Nf6 3. e5 Nd5 4. d4 cxd4 5. Nf3 d6 6. exd6 Qxd6 7. Nxd4 a6 8. Be2 g6 9. O-O Bg7 10. Nd2 O-O 11. Ne4 Qc7 12. Re1 Rd8 13. Qb3 Nc6 14. Nxc6 Qxc6 15. Bf3 b5 16. Bg5 Be6 17. Qc2 Qc7 18. Qe2 Rac8 19. a4 Nb6 20. axb5 Bc4 21. Qc2 axb5 22. Nd2 Be6 23. Ne4 b4 24. h3 Nd5 25. Rac1 bxc3 26. bxc3 Bf5 27. Qe2 h6 28. Bd2 Nf4 29. Bxf4 Qxf4 30. c4 Rd4 31. c5 h5 32. Rc4 Rxc4 33. Qxc4 Bxh3 34. Qc1 Qxc1 35. Rxc1 Bd7 36. Kf1 Bc6 37. Ng3 Bd4 38. Ne2 Bb2 39. Rc2 Ba3 40. Bxc6 Rxc6 41. Nf4 Rxc5 42. Rxc5 Bxc5 43. Ke2 Kg7 44. Nd3 Bd6 45. f4 Kf6 46. Kf3 Kf5 47. g3 e6 48. Ne1 g5 49. fxg5 Kxg5 50. Nc2 Bc5 51. Ne1 f5 52. Nd3 Bd4 53. Nf4 e5 54. Ne6+ Kf6 55. Nf8 e4+ 56. Ke2 Be5 57. Nd7+ Ke6 58. Nf8+ Kf7 59. Nh7 Bf6 60. Ke3 Kg7 61. Nxf6 Kxf6 62. Kf4 Ke6 63. Ke3 Ke5 64. Ke2 Kd4 65. Kd2 e3+ 66. Ke2 Ke4 67. Ke1 Kf3 68. g4 hxg4 69. Kf1 g3 70. Ke1 g2 71. Kd1 g1=Q+ 72. Kc2 e2 0-1

[Event "FIDE World Cup O10-A 2024"]
[Site "Batumi"]
[Date "2024.06.26"]
[Round "4.8"]
[White "Kiladze, Giorgi"]
[Black "Tsulaia, Giorgi"]
[Result "0-1"]
[ECO "B22"]
[WhiteElo "1552"]
[BlackElo "1646"]
[Annotator "NA RC"]
[PlyCount "60"]
[EventDate "2024.06.23"]
[EventType "swiss"]
[EventCountry "GEO"]
[SourceTitle "playchess.com"]
[Source "ChessBase"]
[SourceQuality "1"]
[TimeControl "5400+30"]

1. e4 c5 2. Nf3 e6 3. c3 Nf6 4. e5 Nd5 5. d4 cxd4 6. cxd4 Nc6 7. Nc3 Nxc3 8. bxc3 d6 9. Bb5 Bd7 10. Bg5 Be7 11. Bxe7 Qxe7 12. exd6 Qxd6 13. O-O O-O 14. Bd3 h6 15. Qc2 Rac8 16. Rab1 b6 17. Rfd1 Kh8 18. Rd2 Rfd8 19. Qb2 Kg8 20. Rbd1 Na5 21. Rc1 Qe7 22. c4 Bc6 23. Be2 Bxf3 24. gxf3 Qf6 25. c5 bxc5 26. dxc5 Qg5+ 27. Kh1 Qxd2 28. Rc2 Qg5 29. Rc1 Rxc5 30. Rg1 Qe5 0-1

[Event "FIDE World Cup O10-A 2024"]
[Site "Batumi"]
[Date "2024.06.26"]
[Round "4.9"]
[White "Wee, Yu Xi Lyndon"]
[Black "Kalinichenko, German Yu"]
[Result "0-1"]
[ECO "C55"]
[WhiteElo "1408"]
[BlackElo "1634"]
[Annotator "NA RC"]
[PlyCount "88"]
[EventDate "2024.06.23"]
[EventType "swiss"]
[EventCountry "GEO"]
[SourceTitle "playchess.com"]
[Source "ChessBase"]
[SourceQuality "1"]
[TimeControl "5400+30"]

1. e4 e5 2. Nf3 Nc6 3. Bc4 Nf6 4. d3 h6 5. c3 d6 6. h3 g5 7. Nxg5 hxg5 8. Bxg5 Be7 9. Qf3 Be6 10. Bb5 Nd7 11. Bxe7 Nxe7 12. O-O c6 13. Ba4 Qa5 14. Qd1 O-O-O 15. Bb3 Rdg8 16. Bxe6 fxe6 17. Qf3 Ng6 18. Nd2 Nf4 19. Kh1 Rxg2 20. Qxg2 Nxg2 21. Kxg2 Qd8 22. Nf3 Nf8 23. Kh2 Ng6 24. Rg1 Nf4 25. Rg3 Qf6 26. Ng5 Rg8 27. Rag1 Ne2 28. Rf3 Qe7 29. Rf7 Qxf7 30. Nxf7 Rxg1 31. Nxd6+ Kc7 32. Ne8+ Kd7 33. Nf6+ Ke7 34. Ng4 Ra1 35. Nxe5 Rxa2 36. Nc4 Nc1 37. d4 Nd3 38. h4 Nxb2 39. Nxb2 Rxb2 40. Kg2 a5 41. h5 a4 42. h6 Kf7 43. c4 a3 44. h7 Kg7 0-1

[Event "FIDE World Cup O10-A 2024"]
[Site "Batumi"]
[Date "2024.06.26"]
[Round "4.10"]
[White "Macosay Lopez, Julio David"]
[Black "Eshkol, Idan"]
[Result "0-1"]
[ECO "C47"]
[WhiteElo "1607"]
[BlackElo "1544"]
[Annotator "NA RC"]
[PlyCount "82"]
[EventDate "2024.06.23"]
[EventType "swiss"]
[EventCountry "GEO"]
[SourceTitle "playchess.com"]
[Source "ChessBase"]
[SourceQuality "1"]
[TimeControl "5400+30"]

1. e4 e5 2. Nf3 Nc6 3. Nc3 Nf6 4. h3 Bb4 5. Nd5 Bc5 6. c3 d6 7. d4 exd4 8. cxd4 Bb6 9. Nxb6 axb6 10. d5 Ne5 11. Nxe5 dxe5 12. Qc2 Qd6 13. Bd2 Bd7 14. Be2 O-O 15. a3 Ra4 16. f3 Rfa8 17. O-O c6 18. dxc6 bxc6 19. Rfd1 Qd4+ 20. Kf1 Qd6 21. Ba5 Rd4 22. Bxb6 Rxd1+ 23. Rxd1 Qb8 24. Bc5 Qc8 25. Bc4 Nh5 26. Qb3 Nf4 27. Bxf7+ Kh8 28. g4 Nxh3 29. Ke2 Qd8 30. Be3 Qc8 31. Kd2 c5 32. Qd5 c4 33. Qxc4 Qd8 34. Ke2 Rb8 35. Be6 Rxb2+ 36. Kf1 Qh4 37. Qc5 Bb5+ 38. Qxb5 Rxb5 39. g5 Rb8 40. Kg2 Rb2+ 41. Kh1 Nf2+ 0-1

[Event "FIDE World Cup O10-A 2024"]
[Site "Batumi"]
[Date "2024.06.26"]
[Round "4.11"]
[White "Chkhartishvili, Lazare"]
[Black "Dien James"]
[Result "1-0"]
[ECO "B01"]
[WhiteElo "1608"]
[BlackElo "1419"]
[Annotator "NA RC"]
[PlyCount "89"]
[EventDate "2024.06.23"]
[EventType "swiss"]
[EventCountry "GEO"]
[SourceTitle "playchess.com"]
[Source "ChessBase"]
[SourceQuality "1"]
[TimeControl "5400+30"]

1. e4 d5 2. exd5 Nf6 3. Bb5+ Bd7 4. Be2 Bf5 5. Nf3 Qxd5 6. Nc3 Qc6 7. Bb5 e6 8. O-O Bc5 9. Bxc6+ Nxc6 10. d4 Nxd4 11. Nxd4 O-O-O 12. Be3 Bxd4 13. Bxd4 e5 14. Bxe5 Rxd1 15. Raxd1 Bxc2 16. Rd2 Bf5 17. Bxf6 gxf6 18. Re1 Rg8 19. f3 Be6 20. b3 f5 21. Nd5 Re8 22. Nf4 Bd7 23. Rxe8+ Bxe8 24. Nh5 Bc6 25. Nf6 h6 26. Ng8 h5 27. Nf6 h4 28. Kf2 b5 29. Rd4 Kb7 30. Rxh4 a5 31. Rd4 Kb6 32. Nd7+ Bxd7 33. Rxd7 c5 34. h4 c4 35. bxc4 bxc4 36. h5 c3 37. Ke2 a4 38. h6 Kb5 39. h7 Kb4 40. h8=Q c2 41. Qb2+ Kc4 42. Qxc2+ Kb4 43. Rb7+ Ka5 44. Qc5+ Ka6 45. Qb5# 1-0